 Dungeon Crawl Stone Soup version 0.28.0-53-g5a82cb258f (webtiles) character file.

Game seed: 11509366351536793199

42 Sin92 the Skirmisher (level 3, -1/29 HPs)
             Began as a Demonspawn Fighter on June 13, 2022.
             Slain by a kobold
             ... wielding a +0 short sword
              (4 damage)
             ... on level 2 of the Dungeon.
             The game lasted 00:01:22 (1214 turns).

Sin92 the Skirmisher (Demonspawn Fighter)           Turns: 1214, Time: 00:01:23

Health: -1/29      AC:  6    Str: 16    XL:     3   Next: 35%
Magic:  3/3        EV:  8    Int:  9    God:
Gold:   35         SH:  5    Dex: 14    Spells: 2/2 levels left

rFire   . . .      SeeInvis .   a - +0 war axe
rCold   . . .      Faith    .   c - +0 buckler
rNeg    . . .      Spirit   .   b - +0 scale mail
rPois   .          Reflect  .   (helmet restricted)
rElec   .          Harm     .   (no cloak)
rCorr   +          Rampage  .   (no gloves)
Will    .....                   (no boots)
Stlth   ..........              (no amulet)
HPRegen 0.09/turn               f - ring of resist corrosion
MPRegen 0.08/turn               (no ring)

@: no status effects
A: antennae 1, demonic magic 1
a: no special abilities


You were on level 2 of the Dungeon.
You visited 1 branch of the dungeon, and saw 2 of its levels.

You collected 35 gold pieces.

Inventory:

Hand Weapons
 a - a +0 war axe (weapon)
Armour
 b - a +0 scale mail (worn)
 c - a +0 buckler (worn)
Jewellery
 f - a ring of resist corrosion (left hand)
Scrolls
 e - a scroll of vulnerability
Potions
 d - a potion of might


   Skills:
 + Level 3.4 Fighting
 + Level 2.3 Axes
 + Level 3.0 Armour
 + Level 3.0 Shields


You had 2 spell levels left.
You didn't know any spells.
Your spell library contained the following spells:

 Spells                   Type           Power      Damage    Failure   Level
 Corpse Rot               Necr/Air       0%         N/A       96%         2
 Dispel Undead            Necr           0%         3d6       100%        4
 Death Channel            Necr           0%         N/A       100%        6


Dungeon Overview and Level Annotations

Branches:
Dungeon (2/15)

Altars:

Shops:
D:1 :


Innate Abilities, Weirdness & Mutations

You have a pair of small antennae on your head.
Spells you cast may paralyse adjacent enemies.


Message History

You hit the jackal.
The jackal is severely wounded.
The jackal bites you but does no damage.
You block the jackal's attack.
You barely miss the jackal.
The jackal is severely wounded.
The jackal bites you but does no damage.
The jackal completely misses you.
Unknown command.
You hit the jackal.
The jackal is almost dead.
You completely miss the endoplasm. The jackal closely misses you.
The jackal bites you but does no damage.
The endoplasm hits you.
* * * LOW HITPOINT WARNING * * *
You barely miss the jackal.
The jackal is almost dead.
You hit the endoplasm. You block the jackal's attack.
The endoplasm hits you but does no damage.
You block the jackal's attack. The endoplasm hits you.
* * * LOW HITPOINT WARNING * * *
Unknown command.
You closely miss the jackal.
The jackal is almost dead.
You hit the endoplasm.
You kill the endoplasm!
The jackal closely misses you. You block the jackal's attack.
You closely miss the jackal.
The jackal is almost dead.
You hit the rat.
You kill the rat!
The jackal bites you but does no damage.
The jackal bites you.
* * * LOW HITPOINT WARNING * * *
You closely miss the jackal.
The jackal is almost dead.
You block the jackal's attack.
The jackal bites you but does no damage.
The kobold hits you with a +0 short sword.
You die...

#. #.# #.. ####..##
##########......# .#
.........#....#.####...#
.........#.....K........
.........# #...#@# .#
.........###...#h###..##
..........# #..hB......
#####.....# #††........
#.....## #..........
#.....<###.......###
#......).........#
#......##........#
##+###.##........#


You could see 2 jackals, a giant cockroach and a kobold.

Vanquished Creatures
  An adder (D:2)
  5 bats (D:1)
  3 endoplasms
  3 giant cockroaches (D:1)
  2 hobgoblins (D:1)
  6 jackals
  A quokka (D:1)
  3 ball pythons
  A goblin (D:1)
  6 rats
31 creatures vanquished.

Notes
Turn   | Place    | Note
-------+----------+-------------------------------------------
     0 | D:1      | Sin92 the Demonspawn Fighter began the quest for the Orb.
     0 | D:1      | Reached XP level 1. HP: 18/18 MP: 1/1
   362 | D:1      | Discovered your monstrous ancestry.
   362 | D:1      | Gained mutation: You have a pair of small antennae on your
                  | head. [demonic ancestry]
   362 | D:1      | Reached XP level 2. HP: 24/24 MP: 2/2
   479 | D:1      | Found Cifime's Book Emporium.
  1087 | D:2      | Gained mutation: Spells you cast may paralyse adjacent
                  | enemies. [demonic ancestry]
  1087 | D:2      | Reached XP level 3. HP: 25/29 MP: 3/3
  1214 | D:2      | Slain by a kobold

Illustrated notes

Levels and vault maps discovered:
D:1:      matt_arrival_spirals, layout_loops_ring, serial_shops, shop_statue
D:2:      minmay_alternating_diamond, layout_basic, basic_altar

Skill      XL: |  1  2 |
---------------+-------+-----
Axes           | 2 |  2.3
Armour         | 3 |  3.0
Shields        | 3 |  3.0
Fighting       | |  3.4

Action                   || total
-------------------------++-------
Melee: War axe           ||   101
  Use: Scroll            ||     1
Armor: Scale mail        ||    78
Dodge: Dodged            ||    55
Block: Buckler           ||    31
